 Dungeon Crawl Stone Soup version 0.18-a0-1692-g516f9e9 (webtiles) character file.

199 4thArraOfDagon the Chopper (level 5, -5/70 HPs)
             Began as a Hill Orc Berserker on Apr 5, 2016.
             Was a Follower of Trog.
             Slain by a slave (9 damage)
             ... led by Pikel
             ... on level 5 of the Dungeon.
             The game lasted 00:02:08 (620 turns).

4thArraOfDagon the Chopper (Hill Orc Berserker)      Turns: 620, Time: 00:02:09

Health: -5/70      AC:  2    Str: 26    XL:     5   Next: 77%
Magic:  6/6        EV: 12    Int:  7    God:    Trog [*.....]
Gold:   71         SH:  0    Dex: 10    Spells: 0 memorised, 4 levels left

rFire  . . .     SeeInvis .     a - +0 hand axe
rCold  . . .     Gourm    .     b - +0 animal skin
rNeg   . . .     Faith    .     (no shield)
rPois  .         Spirit   .     (no helmet)
rElec  .         Dismiss  .     (no cloak)
rCorr  .         Reflect  .     (no gloves)
SustAt .         Harm     .     (no boots)
MR     .....                    (no amulet)
Stlth  ..........               (no ring)
                                (no ring)

@: berserking, very quick, not resistant to hostile enchantments, extremely
unstealthy
A: no striking features
a: Berserk, Burn Spellbooks, Renounce Religion


You were on level 5 of the Dungeon.
You worshipped Trog.
Trog was aware of your devotion.
You were not hungry.

You visited 1 branch of the dungeon, and saw 5 of its levels.

You collected 71 gold pieces.

Inventory:

Hand Weapons
 a - a +0 hand axe (weapon)
Armour
 b - a +0 animal skin (worn)
Magical Staves
 h - an uncursed staff of summoning {unknown}
Wands
 e - a wand of iceblast (6/15)
Scrolls
 d - 2 scrolls of recharging {unknown}
 g - 2 scrolls of remove curse {unknown}
 i - a scroll of magic mapping {unknown}
 k - a scroll of enchant armour {unknown}
Comestibles
 c - 2 bread rations
 j - a slice of pizza
 l - 2 meat rations
 m - a beef jerky


   Skills:
 + Level 4.5 Fighting
 * Level 6.1 Axes
 + Level 3.0 Armour
 - Level 1.5 Dodging
 * Level 2.5 Evocations


You had 4 spell levels left.
You didn't know any spells.

Dungeon Overview and Level Annotations

Branches:
Dungeon (5/15)
 Temple: D:4-7

Altars:
Makhleb

Annotations:
D:5 Pikel


Message History

The slave is moderately wounded.
You barely miss the crimson imp. The slave hits you!
* * * LOW HITPOINT WARNING * * *
The slave hits you!
* * * LOW HITPOINT WARNING * * *
The slave closely misses you. The crimson imp barely misses you.
You are too injured to fight recklessly!
Unknown command.
You slash the slave!
You kill the slave!
That felt strangely unrewarding.
You hit the slave.
The slave is heavily wounded.
You hit the slave.
The slave is heavily wounded.
You hit the crimson imp.
The crimson imp is moderately wounded.
The orc hits you from afar with a trident.
* * * LOW HITPOINT WARNING * * *
The slave completely misses you. The slave hits you!
You die...

#...................
#.#.#.........<.....
#.._................
#.#)#.....<<........
#...........####+#+#
#.............#
####..........##.#
#.......####### ...
+....p@....?... ...
#....pK5####### #...
+.....op.. ...
#.......#...
#.......#...#
#........ ....
#........ ...
#......... ...


You could see Pikel, 3 slaves, a crimson imp and an orc.

Vanquished Creatures
  A slave (D:5)
  A wyvern skeleton (D:3)
  A crimson imp (D:5)
  A centaur zombie (D:5)
  An orc priest (D:5)
  A worker ant (D:4)
  A howler monkey skeleton (D:4)
  An adder (D:4)
  A giant gecko (D:3)
  An orc (D:5)
  A hobgoblin (D:2)
  2 bats
  2 kobolds
  3 rats
18 creatures vanquished.

Notes
Turn   | Place    | Note
--------------------------------------------------------------
     0 | D:1      | 4thArraOfDagon the Hill Orc Berserker began the quest for the Orb.
     0 | D:1      | Reached XP level 1. HP: 19/19 MP: 1/1
   251 | D:3      | Reached XP level 2. HP: 6/26 MP: 2/2
   349 | D:3      | Reached skill level 5 in Axes
   349 | D:3      | Reached skill level 1 in Evocations
   349 | D:3      | Reached XP level 3. HP: 7/33 MP: 2/4
   349 | D:3      | Reached XP level 4. HP: 9/40 MP: 2/5
   542 | D:5      | Entered Level 5 of the Dungeon
   543 | D:5      | Found a burning altar of Makhleb.
   551 | D:5      | Reached XP level 5. HP: 36/46 MP: 6/6
   609 | D:5      | Noticed a slave
   610 | D:5      | Noticed a slave
   610 | D:5      | Noticed a slave
   611 | D:5      | Noticed Pikel
   611 | D:5      | Noticed a slave
   615 | D:5      | Reached skill level 6 in Axes
   620 | D:5      | Killed a slave
   620 | D:5      | Slain by a slave

Vault maps used:
D:1:      dpeg_arrival_rhombus, kennysheep_doodads
D:2:      nicolae_overflow_hidden_temple
D:3:      first_bread, nicolae_tso_swordbearing_angel, uniq_grinder
D:4:      st_stairs_5
D:5:      lemuel_crystal_altar, serial_shops, nicolae_shop_overgrown_old_shop,
          uniq_pikel

Skill      XL: |  1  2  3  4  5 |
---------------+----------------+-----
Axes           | 5 6 |  6.1
Evocations     | 1 2 |  2.5
Fighting       | 4 |  4.5
Armour         | 3 |  3.0
Dodging        | |  1.5

Action                   |  1- 3 |  4- 6 || total
-------------------------+-------+-------++-------
Melee: Hand axe          |    32 |    26 ||    58
Invok: Berserk           |     1 |     3 ||     4
  Use: Scroll            |     2 |     1 ||     3
       Potion            |       |     1 ||     1
  Eat: Chunk             |       |     2 ||     2
